 Dungeon Crawl Stone Soup version 0.23.2-1-ga50397a (webtiles) character file.

Game seed: 3182093988913510004

66 Daunt the Conjurer (level 4, 0/24 HPs)
             Began as a Tengu Venom Mage on May 27, 2019.
             Succumbed to a worker ant's poison
             ... on level 2 of the Dungeon.
             The game lasted 00:11:31 (1249 turns).

Daunt the Conjurer (Tengu Venom Mage)               Turns: 1249, Time: 00:11:32

Health: 0/24       AC:  2    Str: 10    XL:     4   Next: 15%
Magic:  17/17      EV: 12    Int: 15    God:
Gold:   124        SH:  0    Dex: 14    Spells: 4/7 levels left

rFire    . . .     SeeInvis .   j - +0 spear
rCold    . . .     Gourm    .   (no shield)
rNeg     . . .     Faith    .   a - +0 robe
rPois    .         Spirit   +   (helmet restricted)
rElec    .         Reflect  .   (no cloak)
rCorr    +         Harm     .   (no gloves)
MR       .....                  (boots unavailable)
Stlth    ++........             n - amulet of guardian spirit
HPRegen  0.08/turn              g - ring of resist corrosion
MPRegen  0.15/turn              p - ring of magical power

@: lethally poisoned (0 -> -10), hasted, very quick
A: beak, talons 3
a: no special abilities


You were on level 2 of the Dungeon.
You were not hungry.

You visited 1 branch of the dungeon, and saw 2 of its levels.

You collected 124 gold pieces.

Inventory:

Hand Weapons
 b - a +0 club
 d - a +0 whip
 j - a +0 spear (weapon)
 o - a +0 short sword
Missiles
 i - 7 needles of paralysis
Armour
 a - a +0 robe (worn)
Jewellery
 g - a ring of resist corrosion (left hand)
 n - an amulet of guardian spirit (around neck)
 p - a ring of magical power (right hand)
Scrolls
 e - 3 scrolls of remove curse {unknown}
 f - 3 scrolls of identify {unknown}
 k - a scroll of teleportation {unknown}
 l - 2 scrolls of enchant armour {unknown}
Potions
 m - a potion of magic
Comestibles
 c - 4 rations
 q - 3 chunks of flesh


   Skills:
 - Level 2.1 Dodging
 - Level 2.0 Stealth
 - Level 2.0 Spellcasting
 - Level 4.0 Conjurations
 + Level 3.0 Air Magic
 - Level 3.0 Poison Magic


You had 4 spell levels left.
You knew the following spells:

 Your Spells              Type           Power        Failure   Level  Hunger
a - Sting                 Conj/Pois      ##..         5%          1    #......
v - Poisonous Vapours     Pois/Air       ##....       10%         2    ###....

Your spell library contained the following spells:

 Spells                   Type           Power        Failure   Level  Hunger
 Mephitic Cloud           Conj/Pois/Air  ##......     17%         3    ###....
 Olgreb's Toxic Radiance  Pois           ##......     54%         4    #####..
 Venom Bolt               Conj/Pois      ##........   82%         5    ######.


Dungeon Overview and Level Annotations

Branches:
Dungeon (2/15)

Altars:
Xom


Innate Abilities, Weirdness & Mutations

You have a beak for a mouth.
You have claws for feet.


Message History

Memorise Mephitic Cloud, consuming 3 spell levels and leaving 1?
Your memorisation is interrupted.
* * * LOW HITPOINT WARNING * * *
You feel sick.
It was a potion of magic.
Magic courses through your body.
* * * LOW HITPOINT WARNING * * *
You feel sick.
It was a potion of haste.
You feel yourself speed up.
* * * LOW HITPOINT WARNING * * *
You feel sick.
* * * LOW HITPOINT WARNING * * *
You feel sick.
* * * LOW HITPOINT WARNING * * *
You feel sick.
* * * LOW HITPOINT WARNING * * *
You feel sick.
* * * LOW HITPOINT WARNING * * *
You feel sick.
Found 8 gold pieces.
You die...

### ##.## #########
##.#.##
........###.###.########
##...........#....(....
#.....@###.#....######.
#..##..# ##......# #
#..# #..>..##.### $..#
#...)........ ##.##
#....######## .. ####.#
## ##'## ##...## ###
##.....## #..


There were no monsters in sight!

Vanquished Creatures
  A worker ant (D:2)
  3 worms (D:2)
  A dart slug (D:1)
  A ball python (D:1)
  2 goblins
  6 hobgoblins
  3 jackals (D:2)
  5 bats
  3 frilled lizards
  5 kobolds
  4 rats
34 creatures vanquished.

Notes
Turn   | Place    | Note
-------+----------+-------------------------------------------
     0 | D:1      | Daunt the Tengu Venom Mage began the quest for the Orb.
     0 | D:1      | Reached XP level 1. HP: 10/10 MP: 4/4
    47 | D:1      | Reached skill level 2 in Conjurations
   142 | D:1      | Reached XP level 2. HP: 15/15 MP: 1/6
   278 | D:1      | Reached skill level 3 in Conjurations
   653 | D:2      | Reached XP level 3. HP: 19/19 MP: 0/7
   738 | D:2      | Reached skill level 4 in Conjurations
   748 | D:2      | Learned a level 2 spell: Poisonous Vapours
   999 | D:2      | Reached skill level 1 in Air Magic
  1139 | D:2      | Found a shimmering altar of Xom.
  1239 | D:2      | Reached XP level 4. HP: 7/24 MP: 4/8
  1247 | D:2      | HP: 1/24 [poisoned by a worker ant]
  1249 | D:2      | Succumbed to a worker ant's poison

Skill      XL: |  1  2  3 |
---------------+----------+-----
Conjurations   | 2 3 4 |  4.0
Air Magic      | 3 |  3.0
Dodging        | |  2.1
Stealth        | |  2.0
Spellcasting   | |  2.0
Poison Magic   | |  3.0

Action                   |  1- 3 |  4- 6 || total
-------------------------+-------+-------++-------
Melee: Unarmed           |     2 |       ||     2
       Spear             |    12 |       ||    12
       Kick              |     3 |       ||     3
 Cast: Sting             |    60 |       ||    60
       Poisonous Vapours |     4 |       ||     4
  Use: Potion            |       |     2 ||     2
 Stab: Sleeping          |     2 |       ||     2
  Eat: Chunk             |     2 |       ||     2
Armor: Robe              |     4 |       ||     4
Dodge: Dodged            |    20 |       ||    20
